Workbook

Sheet Executive Summary
A1: TASK AUTOMATION & WORKFLOW SAVINGS MODEL
A2: Executive Operational Efficiency | Routine Workflow Automation & Labor ROI
A4: ACTIVE WORKFLOWS | C4: MONTHLY EXECUTIONS | E4: HOURS SAVED / MO | G4: MONTHLY COST SAVED | I4: ANNUALIZED ROI %
A5: =COUNTA('Automation_Engine'!A5:A12) | C5: ='Automation_Engine'!E13 | E5: ='Automation_Engine'!G13 | G5: ='Automation_Engine'!I13 | I5: ='ROI_Calculator'!B12
A9: AUTOMATION SAVINGS BY WORKFLOW CATEGORY
A10: Workflow Category | B10: Active Automation Count | C10: Monthly Executions | D10: Hours Saved / Month | E10: Labor Cost Savings ($/Mo) | F10: % of Total Savings
A11: Data Sync & ETL Pipelines | B11: =COUNTIF('Automation_Engine'!B5:B12, A11) | C11: =SUMIF('Automation_Engine'!B5:B12, A11, 'Automation_Engine'!E5:E12) | D11: =SUMIF('Automation_Engine'!B5:B12, A11, 'Automation_Engine'!G5:G12) | E11: =SUMIF('Automation_Engine'!B5:B12, A11, 'Automation_Engine'!I5:I12) | F11: =E11/$E$16
A12: Financial & Billing Operations | B12: =COUNTIF('Automation_Engine'!B5:B12, A12) | C12: =SUMIF('Automation_Engine'!B5:B12, A12, 'Automation_Engine'!E5:E12) | D12: =SUMIF('Automation_Engine'!B5:B12, A12, 'Automation_Engine'!G5:G12) | E12: =SUMIF('Automation_Engine'!B5:B12, A12, 'Automation_Engine'!I5:I12) | F12: =E12/$E$16
A13: User Onboarding & Provisioning | B13: =COUNTIF('Automation_Engine'!B5:B12, A13) | C13: =SUMIF('Automation_Engine'!B5:B12, A13, 'Automation_Engine'!E5:E12) | D13: =SUMIF('Automation_Engine'!B5:B12, A13, 'Automation_Engine'!G5:G12) | E13: =SUMIF('Automation_Engine'!B5:B12, A13, 'Automation_Engine'!I5:I12) | F13: =E13/$E$16
A14: Compliance & Audit Monitoring | B14: =COUNTIF('Automation_Engine'!B5:B12, A14) | C14: =SUMIF('Automation_Engine'!B5:B12, A14, 'Automation_Engine'!E5:E12) | D14: =SUMIF('Automation_Engine'!B5:B12, A14, 'Automation_Engine'!G5:G12) | E14: =SUMIF('Automation_Engine'!B5:B12, A14, 'Automation_Engine'!I5:I12) | F14: =E14/$E$16
A15: Alerting & System Health Check | B15: =COUNTIF('Automation_Engine'!B5:B12, A15) | C15: =SUMIF('Automation_Engine'!B5:B12, A15, 'Automation_Engine'!E5:E12) | D15: =SUMIF('Automation_Engine'!B5:B12, A15, 'Automation_Engine'!G5:G12) | E15: =SUMIF('Automation_Engine'!B5:B12, A15, 'Automation_Engine'!I5:I12) | F15: =E15/$E$16
A16: TOTAL AUTOMATION PORTFOLIO | B16: =SUM(B11:B15) | C16: =SUM(C11:C15) | D16: =SUM(D11:D15) | E16: =SUM(E11:E15) | F16: =SUM(F11:F15)

Sheet Automation_Engine
A1: ROUTINE TASK AUTOMATION & SLA METRICS ENGINE
A3: Workflow Name | B3: Category | C3: Trigger Type | D3: Frequency | E3: Monthly Executions | F3: Manual Mins / Exec | G3: Hours Saved / Mo | H3: Hourly Rate ($/hr) | I3: Monthly Cost Saved ($) | J3: Error Rate (%) | K3: SLA Pass Rate (%)
A5: Feature Store Batch-to-Online Sync | B5: Data Sync & ETL Pipelines | C5: Scheduled Cron | D5: Hourly | E5: 720 | F5: 15 | G5: =(E5*F5)/60 | H5: 85 | I5: =G5*H5 | J5: 0.001 | K5: 0.999
A6: Stripe Failed Invoice Retry & Dunning | B6: Financial & Billing Operations | C6: Webhook Event | D6: Real-Time | E6: 3400 | F6: 8 | G6: =(E6*F6)/60 | H6: 65 | I6: =G6*H6 | J6: 0.005 | K6: 0.995
A7: SAML SSO & Okta User Onboarding | B7: User Onboarding & Provisioning | C7: API Trigger | D7: On-Demand | E7: 450 | F7: 25 | G7: =(E7*F7)/60 | H7: 75 | I7: =G7*H7 | J7: 0.002 | K7: 0.998
A8: SOC2 Compliance Audit Log Backup | B8: Compliance & Audit Monitoring | C8: Scheduled Cron | D8: Daily | E8: 30 | F8: 60 | G8: =(E8*F8)/60 | H8: 90 | I8: =G8*H8 | J8: 0 | K8: 1
A9: ElastiCache Latency Alerting & Self-Heal | B9: Alerting & System Health Check | C9: Prometheus Webhook | D9: Real-Time | E9: 1200 | F9: 10 | G9: =(E9*F9)/60 | H9: 110 | I9: =G9*H9 | J9: 0.008 | K9: 0.992
A10: CRM Lead Routing & Enrichment Pipeline | B10: Data Sync & ETL Pipelines | C10: Kafka Message | D10: Real-Time | E10: 18500 | F10: 3 | G10: =(E10*F10)/60 | H10: 70 | I10: =G10*H10 | J10: 0.003 | K10: 0.997
A11: Automated Weekly Board PDF Generation | B11: Financial & Billing Operations | C11: Scheduled Cron | D11: Weekly | E11: 4 | F11: 180 | G11: =(E11*F11)/60 | H11: 95 | I11: =G11*H11 | J11: 0 | K11: 1
A12: GDPR Right-to-Forget Data Deletion | B12: Compliance & Audit Monitoring | C12: User Request | D12: On-Demand | E12: 85 | F12: 45 | G12: =(E12*F12)/60 | H12: 80 | I12: =G12*H12 | J12: 0.001 | K12: 0.999
A13: TOTAL PORTFOLIO STATS | E13: =SUM(E5:E12) | G13: =SUM(G5:G12) | I13: =SUM(I5:I12) | J13: =AVERAGE(J5:J12) | K13: =AVERAGE(K5:K12)

Sheet ROI_Calculator
A1: AUTOMATION INFRASTRUCTURE INVESTMENT & ROI MODEL
A3: CAPEX & OPEX INVESTMENTS | B3: AMOUNT ($)
A4: Initial Platform Development & Engineering Cost | B4: 120000
A5: Software Licensing & Infrastructure (Annual) | B5: 35000
A6: Annual Maintenance & Monitoring Overhead | B6: 25000
A8: FINANCIAL RETURN METRICS | B8: CALCULATED VALUE
A9: Monthly Gross Cost Savings | B9: ='Automation_Engine'!I13
A10: Annualized Gross Cost Savings | B10: =B9*12
A11: Annual Net Savings (After OpEx) | B11: =B10-(B5+B6)
A12: Annualized ROI % | B12: =B11/B4
A13: Payback Period (Months) | B13: =B4/(B11/12)

Sheet Documentation
A1: AUTOMATION MODEL DOCUMENTATION & LEGEND
A3: Color Conventions:
A4: Navy Fill (#2F5496) | B4: Header rows & Grand Totals
A5: Light Blue Fill (#DCE6F1) | B5: Editable User Inputs (Executions, Rates, Mins)
A6: Light Green Fill (#E2EFDA) | B6: Automated Cost Savings & ROI Formula Outputs
A8: Methodology & Formulas:
A9: Hours Saved / Month | B9: (Monthly Executions * Manual Mins per Exec) / 60
A10: Monthly Cost Saved | B10: Hours Saved / Month * Blended Hourly Labor Rate
A11: Annualized Net Savings | B11: Annual Gross Savings - (Annual Licensing + Maintenance)
A12: Payback Period | B12: Initial CapEx Development / Monthly Net Savings
